[Event "Elite Hotels Open 2019"]
[Site "Vaxjo"]
[Date "2019.02.08"]
[Round "1.13"]
[White "Seo, Jung Min"]
[Black "Eriksson, Per"]
[Result "1-0"]
[ECO "D37"]
[WhiteElo "2368"]
[BlackElo "1872"]
[Annotator "RC"]
[PlyCount "79"]
[EventDate "2019.02.08"]
[EventType "swiss"]
[EventCountry "SWE"]
[SourceTitle "playchess.com"]
[Source "ChessBase"]
[SourceQuality "1"]
[TimeControl "5400+30"]

1. d4 Nf6 2. c4 e6 3. Nf3 d5 4. Nc3 Be7 5. Bf4 O-O 6. e3 b6 7. Rc1 Bb7 8. Be2 Nbd7 9. O-O c5 10. cxd5 Nxd5 11. Bg3 Rc8 12. Nxd5 Bxd5 13. Ba6 Ra8 14. b3 Nf6 15. Qe2 Ne4 16. Rfd1 Nxg3 17. hxg3 cxd4 18. Nxd4 Ba3 19. Rc2 Be4 20. Nxe6 Qe7 21. Nxf8 Bxc2 22. Qxc2 Rxf8 23. Qd3 Bc5 24. Qd7 Qe5 25. Qxa7 Qb2 26. Bf1 Re8 27. Qd7 Qe5 28. Bc4 Re7 29. Qc8+ Re8 30. Qb7 Rf8 31. a4 Kh8 32. Qd5 Qf6 33. Qf3 Qe5 34. Rd7 f6 35. Qd5 Qe8 36. Bb5 Qc8 37. Bd3 Qe8 38. Qe4 Qh5 39. Bf1 Qg5 40. b4 1-0

[Event "Elite Hotels Open 2019"]
[Site "Vaxjo"]
[Date "2019.02.08"]
[Round "1.16"]
[White "Ufnarovski, Victor"]
[Black "Kucuksari, Kaan"]
[Result "0-1"]
[ECO "C13"]
[WhiteElo "1852"]
[BlackElo "2301"]
[Annotator "NA RC"]
[PlyCount "76"]
[EventDate "2019.02.08"]
[EventType "swiss"]
[EventCountry "SWE"]
[SourceTitle "playchess.com"]
[Source "ChessBase"]
[SourceQuality "1"]
[TimeControl "5400+30"]

1. d4 d5 2. Nc3 Nf6 3. Bg5 e6 4. e4 Be7 5. e5 Nfd7 6. h4 a6 7. Nh3 c5 8. Qg4 cxd4 9. Bxe7 Qxe7 10. Qxg7 Qf8 11. Qxf8+ Rxf8 12. Ne2 d3 13. cxd3 Nxe5 14. d4 Nd3+ 15. Kd2 Nxb2 16. Nc3 Nc6 17. Kc2 Nc4 18. Bxc4 dxc4 19. d5 Nb4+ 20. Kd2 Nxd5 21. Nxd5 exd5 22. Ng5 Bf5 23. Rhe1+ Kd7 24. Re5 Be6 25. Nxh7 Rh8 26. Rh5 d4 27. Nf6+ Ke7 28. Nd5+ Kd6 29. Nf4 Rxh5 30. Nxh5 Rh8 31. Nf4 Rxh4 32. g3 Rh2 33. Nxe6 Rxf2+ 34. Ke1 Rh2 35. Rd1 Rh1+ 36. Kd2 c3+ 37. Kc1 Rxd1+ 38. Kxd1 Kxe6 0-1

[Event "Elite Hotels Open 2019"]
[Site "Vaxjo"]
[Date "2019.02.08"]
[Round "2.2"]
[White "Westerberg, Jonathan"]
[Black "Goransson, Martin"]
[Result "0-1"]
[ECO "A04"]
[WhiteElo "2544"]
[BlackElo "2074"]
[Annotator "RC"]
[PlyCount "90"]
[EventDate "2019.02.08"]
[EventType "swiss"]
[EventCountry "SWE"]
[SourceTitle "playchess.com"]
[Source "ChessBase"]
[SourceQuality "1"]
[TimeControl "900+5"]

1. Nf3 c5 2. g3 Nc6 3. Bg2 e5 4. O-O g6 5. d3 Bg7 6. Bg5 f6 7. Bd2 Nge7 8. Nc3 d5 9. a3 O-O 10. Rb1 a5 11. e4 d4 12. Na4 b6 13. c4 Bd7 14. b3 Ra6 15. Qe2 Qc8 16. Kh1 h6 17. Ng1 Kh7 18. f4 f5 19. exf5 Nxf5 20. Rbe1 exf4 21. Bxf4 Re8 22. Qf2 Ne3 23. Bxe3 dxe3 24. Rxe3 Rf8 25. Rf3 Rxf3 26. Nxf3 Bg4 27. Nh4 Ne5 28. Be4 Bh3 29. Re1 b5 30. Qxc5 Qd8 31. cxb5 Rd6 32. Nb2 Ng4 33. Nc4 Bd4 34. Bxg6+ Kh8 35. Qxd4+ Rxd4 36. b6 Rxd3 37. Be4 Nf2+ 38. Kg1 Nxe4 39. Ng6+ Kg7 40. Nf4 Qd4+ 41. Kh1 Nf2+ 42. Kg1 Ng4+ 43. Kh1 Rd1 44. Ne6+ Kf6 45. Nxd4 Rxe1# 0-1

[Event "Elite Hotels Open 2019"]
[Site "Vaxjo"]
[Date "2019.02.08"]
[Round "2.7"]
[White "Mardell, Jonas"]
[Black "Cramling, Pia"]
[Result "1-0"]
[ECO "B94"]
[WhiteElo "2029"]
[BlackElo "2462"]
[Annotator "ChessBase"]
[PlyCount "95"]
[EventDate "2019.02.08"]
[EventType "swiss"]
[EventCountry "SWE"]
[SourceTitle "playchess.com"]
[Source "ChessBase"]
[SourceQuality "1"]
[TimeControl "900+5"]

1. e4 c5 2. Nf3 d6 3. d4 cxd4 4. Nxd4 Nf6 5. Nc3 a6 6. Bg5 Nc6 7. Be2 e6 8. O-O Be7 9. a4 Bd7 10. Kh1 h6 11. Be3 Qc7 12. f4 O-O 13. Qe1 Rac8 14. Qg3 Nxd4 15. Bxd4 Bc6 16. e5 dxe5 17. Bxe5 Qa5 18. f5 Bd5 19. fxe6 fxe6 20. Bd3 g5 21. Nxd5 Qxd5 22. Rae1 Nh5 23. Rxf8+ Rxf8 24. Qh3 Nf4 25. Bxf4 gxf4 26. Qxh6 Rf7 27. Qxe6 Qxe6 28. Rxe6 Kg7 29. Rg6+ Kf8 30. Bc4 Rg7 31. Rxg7 Kxg7 32. c3 a5 33. Kg1 Bc5+ 34. Kf1 Kf6 35. Ke2 Bg1 36. h4 b6 37. Kf3 Bh2 38. Ke4 Bg3 39. h5 Kg5 40. Be2 Bf2 41. Kd5 Be3 42. Kc4 Bc1 43. b4 Bd2 44. Bf3 Be1 45. bxa5 bxa5 46. Kd4 Kf5 47. c4 Bb4 48. Kd5 {[%emt 0:00:01] Ke5+} 1-0

[Event "Elite Hotels Open 2019"]
[Site "Vaxjo"]
[Date "2019.02.09"]
[Round "6.1"]
[White "Gritsak, Orest"]
[Black "Jepson, Christian"]
[Result "1/2-1/2"]
[ECO "D37"]
[WhiteElo "2466"]
[BlackElo "2389"]
[Annotator "RC"]
[PlyCount "23"]
[EventDate "2019.02.08"]
[EventType "swiss"]
[EventCountry "SWE"]
[SourceTitle "playchess.com"]
[Source "ChessBase"]
[SourceQuality "1"]
[TimeControl "5400+30"]

1. Nf3 d5 2. d4 Nf6 3. c4 e6 4. Nc3 Be7 5. Bg5 h6 6. Bh4 O-O 7. Rc1 Nbd7 8. e3 c5 9. cxd5 Nxd5 10. Bxe7 Nxe7 11. Be2 b6 12. O-O 1/2-1/2

[Event "Elite Hotels Open 2019"]
[Site "Vaxjo"]
[Date "2019.02.09"]
[Round "6.2"]
[White "Kucuksari, Kaan"]
[Black "Hillarp Persson, Tiger"]
[Result "0-1"]
[ECO "A61"]
[WhiteElo "2301"]
[BlackElo "2558"]
[Annotator "ChessBase"]
[PlyCount "102"]
[EventDate "2019.02.08"]
[EventType "swiss"]
[EventCountry "SWE"]
[SourceTitle "playchess.com"]
[Source "ChessBase"]
[SourceQuality "1"]
[TimeControl "5400+30"]

1. d4 Nf6 2. Nf3 e6 3. c4 c5 4. d5 d6 5. Nc3 exd5 6. cxd5 g6 7. Bf4 Bg7 8. Qa4+ Bd7 9. Qb3 Qc7 10. h3 O-O 11. e3 Na6 12. Be2 Rab8 13. a4 Nb4 14. O-O a6 15. Nd2 Rfe8 16. a5 Bf5 17. Rfc1 Qe7 18. g4 Bd3 19. Bf3 b5 20. axb6 Rxb6 21. Nc4 Bxc4 22. Qxc4 Nd7 23. Be2 Ne5 24. Qe4 Qf8 25. Qb1 f5 26. Kg2 Qf7 27. Rd1 c4 28. Ra4 Ned3 29. Bxd3 cxd3 30. Rxd3 Nxd3 31. Qxd3 Rxb2 32. gxf5 Rb3 33. fxg6 Qf6 34. gxh7+ Kh8 35. Qxa6 Rxc3 36. Qxd6 Qf5 37. Bg3 Rd3 38. Rf4 Qxd5+ 39. Qxd5 Rxd5 40. Rh4 Rd2 41. Rh5 Ra2 42. Kf3 Ra4 43. Bf4 Re7 44. Kg4 Be5 45. h4 Bxf4 46. exf4 Rf7 47. Rf5 Rxf5 48. Kxf5 Kxh7 49. Kg5 Kg7 50. h5 Ra1 51. h6+ Kf7 0-1

[Event "Elite Hotels Open 2019"]
[Site "Vaxjo"]
[Date "2019.02.09"]
[Round "6.4"]
[White "Bellon Lopez, Juan Manuel"]
[Black "Hector, Jonny"]
[Result "1-0"]
[ECO "D12"]
[WhiteElo "2336"]
[BlackElo "2488"]
[Annotator "ChessBase"]
[PlyCount "199"]
[EventDate "2019.02.08"]
[EventType "swiss"]
[EventCountry "SWE"]
[SourceTitle "playchess.com"]
[Source "ChessBase"]
[SourceQuality "1"]
[TimeControl "5400+30"]

1. d4 d5 2. Nf3 Nf6 3. c4 c6 4. e3 Bf5 5. Nc3 e6 6. Nh4 Be4 7. f3 Bg6 8. Qb3 Qc7 9. Bd2 Be7 10. Nxg6 hxg6 11. O-O-O dxc4 12. Bxc4 a6 13. Ne4 Nbd7 14. Kb1 b5 15. Be2 c5 16. Nxc5 Nxc5 17. dxc5 Bxc5 18. Rc1 Qa7 19. Qc3 Be7 20. Qc6+ Kf8 21. Ba5 Kg8 22. Bb6 Qb8 23. Bc7 Qf8 24. e4 Qe8 25. Rhd1 Kh7 26. g4 Qxc6 27. Rxc6 Rhc8 28. Rdc1 g5 29. a4 bxa4 30. Bxa6 Rf8 31. R1c4 Nd7 32. Rxa4 Nb8 33. Rb6 Nd7 34. Rc6 Nb8 35. Bxb8 Raxb8 36. Bd3 Rb7 37. Rc2 Rfb8 38. e5+ Kh6 39. Be4 Rb5 40. Ra7 Bc5 41. Rxf7 Bd4 42. Re7 Rxb2+ 43. Rxb2 Rxb2+ 44. Kc1 Rb6 45. Re8 g6 46. Rg8 Kh7 47. Rxg6 Kh8 48. Kc2 Rb2+ 49. Kd3 Bxe5 50. Rxe6 Bxh2 51. Rh6+ Kg7 52. Rg6+ Kf7 53. Rxg5 Ke6 54. Bd5+ Kd6 55. Bc4 Rb1 56. Rf5 Rd1+ 57. Ke2 Rd4 58. Bg8 Ra4 59. g5 Be5 60. g6 Rf4 61. Rg5 Bg7 62. Bf7 Ra4 63. Rb5 Ke7 64. Rb7+ Kf6 65. Be8 Ra8 66. Bf7 Ra4 67. Kf2 Bh6 68. Kg3 Rd4 69. Rb6+ Kg7 70. Kh3 Rf4 71. Kg2 Rd4 72. Bb3 Bf4 73. Bf7 Bh6 74. Be8 Rd8 75. Re6 Kf8 76. Bc6 Kg7 77. Be4 Rf8 78. Kg3 Bg5 79. Kg4 Bf6 80. f4 Rb8 81. Rc6 Re8 82. Kf5 Bh4 83. Rc7+ Re7 84. Rc8 Rd7 85. Bc6 Rd6 86. Rc7+ Kg8 87. Be4 Bd8 88. Rb7 Bf6 89. Rf7 Bc3 90. Bc2 Rb6 91. Rc7 Bb2 92. Bd3 Kf8 93. Bc4 Rb4 94. Kg5 Ra4 95. Rf7+ Kg8 96. Rb7+ Rxc4 97. Rxb2 Rc1 98. Rb7 Kf8 99. f5 Ra1 100. Rb8+ 1-0

[Event "Elite Hotels Open 2019"]
[Site "Vaxjo"]
[Date "2019.02.09"]
[Round "6.5"]
[White "Blomqvist, Erik"]
[Black "Lindborg, Patrik"]
[Result "1-0"]
[ECO "B40"]
[WhiteElo "2483"]
[BlackElo "2210"]
[Annotator "ChessBase"]
[PlyCount "71"]
[EventDate "2019.02.08"]
[EventType "swiss"]
[EventCountry "SWE"]
[SourceTitle "playchess.com"]
[Source "ChessBase"]
[SourceQuality "1"]
[TimeControl "5400+30"]

1. e4 c5 2. Nf3 e6 3. c3 d5 4. exd5 Qxd5 5. d4 Nf6 6. Na3 Qd8 7. Bf4 cxd4 8. Nxd4 a6 9. Be2 Nd5 10. Bg3 Bd6 11. Bxd6 Qxd6 12. Nc4 Qc7 13. a4 O-O 14. a5 Nd7 15. O-O N7f6 16. Re1 Bd7 17. Bf1 Bb5 18. Qb3 Bxc4 19. Bxc4 Rfc8 20. Bf1 Ng4 21. g3 Ne5 22. Bg2 Nc4 23. Bxd5 exd5 24. Nf5 Re8 25. Qb4 Ne5 26. Qf4 f6 27. Re3 Qd7 28. Rd1 Ng6 29. Qf3 Rad8 30. Rxe8+ Qxe8 31. Rxd5 Ne5 32. Qd1 Rb8 33. f4 Nc4 34. Rd7 Ne3 35. Qb3+ Kh8 36. Re7 1-0

[Event "Elite Hotels Open 2019"]
[Site "Vaxjo"]
[Date "2019.02.09"]
[Round "6.6"]
[White "Lindh, Fredrik"]
[Black "Golubka, Petro"]
[Result "0-1"]
[ECO "C74"]
[WhiteElo "2244"]
[BlackElo "2471"]
[Annotator "ChessBase"]
[PlyCount "116"]
[EventDate "2019.02.08"]
[EventType "swiss"]
[EventCountry "SWE"]
[SourceTitle "playchess.com"]
[Source "ChessBase"]
[SourceQuality "1"]
[TimeControl "5400+30"]

1. e4 e5 2. Nf3 Nc6 3. Bb5 a6 4. Ba4 d6 5. c3 f5 6. exf5 Bxf5 7. O-O Bd3 8. Re1 Be7 9. Bc2 Bxc2 10. Qxc2 Nf6 11. d4 e4 12. Ng5 d5 13. Nd2 h6 14. Nh3 O-O 15. f3 exf3 16. Nxf3 Bd6 17. Qf5 Rf7 18. Bf4 Bf8 19. Ne5 Nxe5 20. Bxe5 Ne4 21. Qe6 Qd7 22. Qxd7 Rxd7 23. Nf2 Ng5 24. Bf4 c5 25. Be3 Ne6 26. dxc5 Nxc5 27. Rad1 Na4 28. Nd3 Rc8 29. Bd4 Nc5 30. Nf4 Na4 31. Rd2 b5 32. Ng6 Bd6 33. Be5 Re8 34. Ree2 Kh7 35. Bxd6 Rxe2 36. Nf8+ Kg8 37. Rxe2 Rxd6 38. Ne6 Nxb2 39. Nxg7 Na4 40. Nf5 Rd7 41. Nxh6+ Kh7 42. Ng4 Nxc3 43. Re6 Ra7 44. a3 a5 45. Rc6 d4 46. Ne5 b4 47. axb4 a4 48. Nf3 Nb5 49. Rc1 a3 50. Nd2 Nc3 51. Kf2 a2 52. Nb3 Ra3 53. Na1 Ne4+ 54. Ke1 Re3+ 55. Kd1 d3 56. Nb3 Re2 57. Rc4 Nf2+ 58. Kc1 d2+ 0-1

[Event "Elite Hotels Open 2019"]
[Site "Vaxjo"]
[Date "2019.02.09"]
[Round "6.7"]
[White "Olofsson-Dolk, Mattis"]
[Black "Cramling, Pia"]
[Result "0-1"]
[ECO "B43"]
[WhiteElo "2172"]
[BlackElo "2462"]
[Annotator "ChessBase"]
[PlyCount "82"]
[EventDate "2019.02.08"]
[EventType "swiss"]
[EventCountry "SWE"]
[SourceTitle "playchess.com"]
[Source "ChessBase"]
[SourceQuality "1"]
[TimeControl "5400+30"]

1. e4 c5 2. Nf3 e6 3. d4 cxd4 4. Nxd4 a6 5. Nc3 Qc7 6. Bd3 Nf6 7. O-O d6 8. Kh1 Nbd7 9. f4 Be7 10. Qe2 b5 11. Bd2 Bb7 12. Rae1 b4 13. Nd1 Nc5 14. Nf2 Nxd3 15. cxd3 Qb6 16. Be3 Qd8 17. Rc1 Qd7 18. b3 O-O 19. f5 e5 20. Nf3 Rfc8 21. Bg5 a5 22. Bxf6 Bxf6 23. Ng4 Be7 24. Ne3 Qb5 25. Rc4 Re8 26. Rfc1 Rad8 27. Rc7 Bxe4 28. Ne1 Bb7 29. Qg4 f6 30. Qc4+ Qxc4 31. Nxc4 Bd5 32. Nb6 Bf7 33. Ra7 Rb8 34. Nc4 Rbc8 35. Rc2 Bf8 36. Rxa5 d5 37. Ne3 Rxc2 38. N1xc2 Rc8 39. g3 Rc3 40. Ra8 d4 41. Nc4 Bd5+ 0-1

[Event "Elite Hotels Open 2019"]
[Site "Vaxjo"]
[Date "2019.02.09"]
[Round "6.8"]
[White "Nilsson, Patrik 1978"]
[Black "Brynell, Stellan"]
[Result "1/2-1/2"]
[ECO "C01"]
[WhiteElo "2169"]
[BlackElo "2400"]
[Annotator "ChessBase"]
[PlyCount "94"]
[EventDate "2019.02.08"]
[EventType "swiss"]
[EventCountry "SWE"]
[SourceTitle "playchess.com"]
[Source "ChessBase"]
[SourceQuality "1"]
[TimeControl "5400+30"]

1. e4 e6 2. d4 d5 3. exd5 exd5 4. c4 Nf6 5. Nc3 Bd6 6. Bg5 O-O 7. Bd3 dxc4 8. Bxc4 Re8+ 9. Nge2 Be6 10. Bd3 c6 11. Qd2 Nbd7 12. O-O h6 13. Bf4 Nb6 14. Rfe1 Bc4 15. Bc2 Qc7 16. Bxd6 Qxd6 17. Ng3 Be6 18. Nge4 Nxe4 19. Nxe4 Qd8 20. Nc5 Bc8 21. Rxe8+ Qxe8 22. Re1 Qf8 23. Qd3 g6 24. Bb3 Bf5 25. Qf3 Re8 26. Rxe8 Qxe8 27. g4 Bc8 28. h3 Qe7 29. Qe3 Qxe3 30. fxe3 Kf8 31. Kf2 Ke7 32. Kf3 Nd7 33. Nd3 g5 34. e4 f6 35. e5 b6 36. Ke4 Ba6 37. Nb4 Bb7 38. Kf5 fxe5 39. dxe5 Nf8 40. Nc2 Bc8+ 41. Ke4 Nd7 42. Bc4 Nc5+ 43. Kd4 a5 44. Ne3 Ne6+ 45. Ke4 Nc5+ 46. Kd4 Ne6+ 47. Ke4 Nc5+ 1/2-1/2

[Event "Elite Hotels Open 2019"]
[Site "Vaxjo"]
[Date "2019.02.09"]
[Round "6.9"]
[White "Lindberg, Bengt"]
[Black "Olsson, William"]
[Result "1-0"]
[ECO "B76"]
[WhiteElo "2377"]
[BlackElo "2011"]
[Annotator "NA"]
[PlyCount "75"]
[EventDate "2019.02.08"]
[EventType "swiss"]
[EventCountry "SWE"]
[SourceTitle "playchess.com"]
[Source "ChessBase"]
[SourceQuality "1"]
[TimeControl "5400+30"]

1. e4 c5 2. Nf3 d6 3. d4 cxd4 4. Nxd4 Nf6 5. Nc3 g6 6. Be3 Bg7 7. f3 O-O 8. Qd2 Nc6 9. O-O-O d5 10. Qe1 e5 11. Nxc6 bxc6 12. exd5 Nxd5 13. Bc4 Be6 14. Kb1 Qd7 15. Ne4 Rfd8 16. Bg5 Qc7 17. Bxd8 Rxd8 18. Bb3 Rb8 19. Qh4 h6 20. Rd2 Qb6 21. Qf2 Qc7 22. Rhd1 a5 23. Nc5 Bc8 24. g4 Bf8 25. h4 Qb6 26. Na4 Qb7 27. h5 g5 28. Qe1 Be6 29. Qxe5 Bg7 30. Qe4 Qe7 31. c4 Nf4 32. Qxc6 Bf6 33. c5 Bxb3 34. axb3 Ne6 35. Rd7 Qe8 36. Qd5 Rb4 37. c6 Qb8 38. c7 1-0

[Event "Elite Hotels Open 2019"]
[Site "Vaxjo"]
[Date "2019.02.09"]
[Round "6.10"]
[White "Barkhagen, Jonas"]
[Black "Rasti, Arvin"]
[Result "1-0"]
[ECO "E32"]
[WhiteElo "2429"]
[BlackElo "1952"]
[Annotator "NA"]
[PlyCount "79"]
[EventDate "2019.02.08"]
[EventType "swiss"]
[EventCountry "SWE"]
[SourceTitle "playchess.com"]
[Source "ChessBase"]
[SourceQuality "1"]
[TimeControl "5400+30"]

1. d4 Nf6 2. c4 e6 3. Nc3 Bb4 4. Qc2 O-O 5. a3 Bxc3+ 6. Qxc3 d5 7. cxd5 Ne4 8. Qc2 exd5 9. Nf3 Nc6 10. Bf4 Bf5 11. Qa4 Qd7 12. e3 a6 13. Be2 h6 14. Qd1 Rab8 15. O-O g5 16. Bg3 Nxg3 17. hxg3 Rfe8 18. Rc1 f6 19. b4 Nd8 20. Ne1 Ne6 21. Nd3 b6 22. Qd2 Re7 23. Rc3 Kg7 24. Nc1 a5 25. bxa5 bxa5 26. Bd3 Bxd3 27. Nxd3 Qa4 28. Rfc1 Rb3 29. Rxb3 Qxb3 30. Qc3 Qxc3 31. Rxc3 Re8 32. Rc6 Kf7 33. Nc5 Nxc5 34. Rxc7+ Nd7 35. Rxd7+ Ke6 36. Ra7 Rb8 37. g4 Rb1+ 38. Kh2 Rb2 39. Kg3 Rb5 40. a4 1-0

[Event "Elite Hotels Open 2019"]
[Site "Vaxjo"]
[Date "2019.02.09"]
[Round "6.11"]
[White "Marttala, Thomas"]
[Black "Lindgren, Philip"]
[Result "1/2-1/2"]
[ECO "B51"]
[WhiteElo "2141"]
[BlackElo "2379"]
[Annotator "NA"]
[PlyCount "94"]
[EventDate "2019.02.08"]
[EventType "swiss"]
[EventCountry "SWE"]
[SourceTitle "playchess.com"]
[Source "ChessBase"]
[SourceQuality "1"]
[TimeControl "5400+30"]

1. e4 c5 2. Nf3 d6 3. Bb5+ Nd7 4. c4 Ngf6 5. Nc3 a6 6. Ba4 Qc7 7. O-O e6 8. d4 cxd4 9. Qxd4 Be7 10. Bg5 O-O 11. Bxd7 Bxd7 12. Rac1 Rac8 13. Rfd1 Rfd8 14. b3 Be8 15. h3 Qa5 16. Qd2 Kf8 17. a4 Qb4 18. Nd4 Qa5 19. Qe3 Kg8 20. f4 h6 21. Bh4 Qh5 22. Bf2 Nd7 23. g4 Qg6 24. Qf3 Nc5 25. h4 Bf6 26. f5 Qh7 27. Rb1 Bd7 28. Qg2 Be5 29. Nce2 h5 30. Nf3 hxg4 31. Nxe5 dxe5 32. Bxc5 Rxc5 33. fxe6 fxe6 34. Qxg4 Qh6 35. Rd3 Rc7 36. Rbd1 Qf6 37. Rf1 Qe7 38. Rfd1 Rf8 39. Ng3 Rf4 40. Qh5 Rxh4 41. Qxe5 Bc6 42. Rd8+ Kh7 43. Kg2 Rh6 44. Qf4 Rh4 45. Qe5 Rh6 46. Qf4 Rh4 47. Qe5 Rh6 1/2-1/2

[Event "Elite Hotels Open 2019"]
[Site "Vaxjo"]
[Date "2019.02.09"]
[Round "6.12"]
[White "Dragicevic, Drazen"]
[Black "Stahlberg, David"]
[Result "1/2-1/2"]
[ECO "A06"]
[WhiteElo "2339"]
[BlackElo "2079"]
[Annotator "NA"]
[PlyCount "63"]
[EventDate "2019.02.08"]
[EventType "swiss"]
[EventCountry "SWE"]
[SourceTitle "playchess.com"]
[Source "ChessBase"]
[SourceQuality "1"]
[TimeControl "5400+30"]

1. Nf3 d5 2. g3 Nf6 3. Bg2 e6 4. O-O Be7 5. c4 O-O 6. b3 c6 7. d3 b6 8. a3 Bb7 9. b4 Nbd7 10. Bb2 dxc4 11. dxc4 Qc7 12. Qb3 c5 13. b5 Ne4 14. Ra2 Bf6 15. Bc1 Rad8 16. a4 Rfe8 17. a5 bxa5 18. Bf4 e5 19. Be3 Nd6 20. Bd2 Nb6 21. Bxa5 e4 22. Ne1 e3 23. f3 Nf5 24. Nd3 Nd4 25. Qa3 Rc8 26. Bh3 Rcd8 27. Nf4 Qd6 28. Qc1 Nb3 29. Qc2 Nd4 30. Qc1 Nb3 31. Qc2 Nd4 32. Qc1 1/2-1/2

[Event "Elite Hotels Open 2019"]
[Site "Vaxjo"]
[Date "2019.02.09"]
[Round "6.13"]
[White "Jogstad, Daniel"]
[Black "Johansson, Gunnar"]
[Result "1-0"]
[ECO "B40"]
[WhiteElo "2127"]
[BlackElo "2259"]
[Annotator "NA"]
[PlyCount "119"]
[EventDate "2019.02.08"]
[EventType "swiss"]
[EventCountry "SWE"]
[SourceTitle "playchess.com"]
[Source "ChessBase"]
[SourceQuality "1"]
[TimeControl "5400+30"]

1. e4 c5 2. Nf3 e6 3. g3 d5 4. exd5 exd5 5. d4 Nf6 6. Bg2 Be7 7. O-O O-O 8. dxc5 Bxc5 9. Nbd2 Nc6 10. Nb3 Bb6 11. c3 h6 12. Re1 Bg4 13. Qd3 Qd7 14. Ne5 Nxe5 15. Rxe5 Bh3 16. Nd4 Bxg2 17. Kxg2 Rfe8 18. Rxe8+ Rxe8 19. Bd2 Re4 20. f3 Re8 21. Be3 Qa4 22. b3 Qa3 23. Nc2 Qd6 24. Re1 Re6 25. Bf4 Qe7 26. Rxe6 fxe6 27. Be3 Qd6 28. c4 Bxe3 29. Nxe3 Qa3 30. cxd5 Qxa2+ 31. Kh3 exd5 32. Nxd5 Qa1 33. Qc4 Kh7 34. Nxf6+ Qxf6 35. Qe4+ Qg6 36. Qxb7 Qh5+ 37. Kg2 a5 38. g4 Qg5 39. Qe4+ Kg8 40. Qe8+ Kh7 41. Qe4+ Kg8 42. Qe6+ Kh8 43. Qc8+ Kh7 44. Qf5+ Qxf5 45. gxf5 Kg8 46. Kg3 Kf7 47. Kf4 Kf6 48. h3 Kf7 49. Ke5 Ke7 50. h4 h5 51. f4 Kf7 52. f6 gxf6+ 53. Kf5 Ke7 54. Kg6 Ke6 55. Kxh5 Kf5 56. Kh6 Kxf4 57. Kg6 f5 58. h5 Ke4 59. h6 f4 60. h7 1-0

[Event "Elite Hotels Open 2019"]
[Site "Vaxjo"]
[Date "2019.02.09"]
[Round "6.14"]
[White "Burwick, Malte"]
[Black "Wernberg, Hugo"]
[Result "1-0"]
[ECO "A06"]
[WhiteElo "2247"]
[BlackElo "1994"]
[Annotator "NA"]
[PlyCount "79"]
[EventDate "2019.02.08"]
[EventType "swiss"]
[EventCountry "SWE"]
[SourceTitle "playchess.com"]
[Source "ChessBase"]
[SourceQuality "1"]
[TimeControl "5400+30"]

1. Nf3 d5 2. g3 Nf6 3. Bg2 c6 4. O-O h6 5. b3 Bf5 6. Bb2 e6 7. d3 Bc5 8. c4 O-O 9. Nbd2 Re8 10. Ne5 d4 11. a3 Nbd7 12. Nxd7 Qxd7 13. b4 Bb6 14. a4 e5 15. a5 Bc7 16. a6 b6 17. Qa4 b5 18. Qc2 bxc4 19. Qxc4 Nd5 20. b5 Be6 21. bxc6 Qd8 22. Qa4 Qg5 23. Ne4 Qh5 24. Nc5 Qxe2 25. Nxe6 fxe6 26. Qa3 Rab8 27. Rab1 Rf8 28. Bh3 Nb4 29. Bxd4 Nc2 30. Rxb8 Rxb8 31. Qe7 Nxd4 32. Qxc7 Nf3+ 33. Kg2 Rf8 34. Bxe6+ Kh8 35. Qxa7 Nd4 36. Bd5 Qxd3 37. Qe7 Qf5 38. a7 Nc2 39. Qxf8+ Qxf8 40. c7 1-0

[Event "Elite Hotels Open 2019"]
[Site "Vaxjo"]
[Date "2019.02.09"]
[Round "6.15"]
[White "Jakenberg, Jussi"]
[Black "Walinder, Lars"]
[Result "0-1"]
[ECO "C01"]
[WhiteElo "2098"]
[BlackElo "2245"]
[Annotator "NA"]
[PlyCount "86"]
[EventDate "2019.02.08"]
[EventType "swiss"]
[EventCountry "SWE"]
[SourceTitle "playchess.com"]
[Source "ChessBase"]
[SourceQuality "1"]
[TimeControl "5400+30"]

1. e4 e6 2. d4 d5 3. exd5 exd5 4. Nf3 Bd6 5. c4 Nf6 6. Nc3 O-O 7. cxd5 h6 8. Be2 Nbd7 9. O-O Nb6 10. Ne5 Nbxd5 11. Bf3 Be6 12. Re1 c6 13. a3 Qc7 14. h3 Rad8 15. Qc2 Rfe8 16. Bd2 Qb6 17. Nxd5 Bxd5 18. Bxd5 Nxd5 19. Bc3 Nxc3 20. bxc3 Bxe5 21. Rxe5 Rxe5 22. dxe5 Qc5 23. Re1 Qxa3 24. Re3 Qe7 25. Qe4 Qe6 26. Kh2 Rd5 27. f4 g6 28. Rg3 a5 29. h4 h5 30. Rg5 Kg7 31. Qe3 b5 32. Qa7 a4 33. Kh1 c5 34. Qb8 Rd1+ 35. Kh2 Qc4 36. e6 Qxe6 37. Qxb5 Qe4 38. Qb8 a3 39. Rxc5 a2 40. Rc8 a1=Q 41. Rg8+ Kf6 42. Qb6+ Qe6 43. Qd4+ Rxd4 0-1

[Event "Elite Hotels Open 2019"]
[Site "Vaxjo"]
[Date "2019.02.09"]
[Round "6.16"]
[White "Ask, Josef"]
[Black "Attefall, Fredrik"]
[Result "1/2-1/2"]
[ECO "C42"]
[WhiteElo "2164"]
[BlackElo "1993"]
[Annotator "NA"]
[PlyCount "31"]
[EventDate "2019.02.08"]
[EventType "swiss"]
[EventCountry "SWE"]
[SourceTitle "playchess.com"]
[Source "ChessBase"]
[SourceQuality "1"]
[TimeControl "5400+30"]

1. e4 e5 2. Nf3 Nf6 3. Nxe5 d6 4. Nf3 Nxe4 5. Nc3 Nxc3 6. dxc3 Be7 7. Bf4 Nc6 8. Qd2 Be6 9. O-O-O Qd7 10. Kb1 a6 11. h4 O-O-O 12. g3 Bf6 13. Bg2 Rhe8 14. Ng5 Bxg5 15. hxg5 Bf5 16. Rhe1 1/2-1/2

[Event "Elite Hotels Open 2019"]
[Site "Vaxjo"]
[Date "2019.02.10"]
[Round "7.5"]
[White "Seo, Jung Min"]
[Black "Burwick, Malte"]
[Result "1-0"]
[ECO "A10"]
[WhiteElo "2368"]
[BlackElo "2247"]
[Annotator "NA"]
[PlyCount "81"]
[EventDate "2019.02.08"]
[EventType "swiss"]
[EventCountry "SWE"]
[SourceTitle "playchess.com"]
[Source "ChessBase"]
[SourceQuality "1"]
[TimeControl "5400+30"]

1. c4 g6 2. g3 Bg7 3. Bg2 d6 4. Nc3 e5 5. d3 f5 6. e3 Nf6 7. Nge2 O-O 8. O-O Nc6 9. Rb1 a5 10. a3 g5 11. b4 axb4 12. axb4 Kh8 13. Nd5 Nxd5 14. cxd5 Ne7 15. f4 Ng6 16. Qc2 Rf7 17. Bd2 gxf4 18. exf4 Qg8 19. b5 b6 20. fxe5 Bxe5 21. Kh1 Bb7 22. d4 Bg7 23. Qc4 h5 24. Bg5 Qh7 25. Qd3 Re8 26. Rbe1 h4 27. Nf4 Rxe1 28. Rxe1 Nxf4 29. gxf4 Qg8 30. Qh3 Qa8 31. Qf3 Kg8 32. Bxh4 Bxd4 33. Bg5 Rg7 34. h4 Rh7 35. Kh2 Rf7 36. Re6 Qa1 37. Qh5 Bg1+ 38. Kh3 Qc3+ 39. Bf3 Bc5 40. Re8+ Rf8 41. Qg6+ 1-0

[Event "Elite Hotels Open 2019"]
[Site "Vaxjo"]
[Date "2019.02.10"]
[Round "7.6"]
[White "Walinder, Lars"]
[Black "Barkhagen, Jonas"]
[Result "1-0"]
[ECO "E94"]
[WhiteElo "2245"]
[BlackElo "2429"]
[Annotator "NA"]
[PlyCount "73"]
[EventDate "2019.02.08"]
[EventType "swiss"]
[EventCountry "SWE"]
[SourceTitle "playchess.com"]
[Source "ChessBase"]
[SourceQuality "1"]
[TimeControl "5400+30"]

1. c4 e5 2. Nc3 Nf6 3. Nf3 d6 4. d4 Nbd7 5. e4 g6 6. Be2 Bg7 7. O-O O-O 8. d5 Nc5 9. Qc2 a5 10. Bg5 h6 11. Be3 Ng4 12. Bxc5 dxc5 13. h3 Nf6 14. Nxe5 Nxd5 15. cxd5 Bxe5 16. f4 Bd4+ 17. Kh2 g5 18. Nb5 Be3 19. fxg5 Qxg5 20. Rf3 Bf4+ 21. Kh1 Ra6 22. Raf1 Rg6 23. Bc4 Bd6 24. Nxd6 cxd6 25. e5 dxe5 26. d6 Be6 27. Bxe6 Rxe6 28. Qb3 Rg6 29. R1f2 Rg7 30. Qxb7 Qc1+ 31. Kh2 Qd1 32. Rf6 Qd4 33. Qe7 e4 34. d7 e3 35. Rxf7 exf2 36. Rxf8+ Kh7 37. d8=Q 1-0